Map: Acropolis LE

Players

Serral - Winner!

  • Race: Zerg Zerg
  • Spawn Location: 11:00

Neeb

  • Race: Protoss Protoss
  • Spawn Location: 5:00

VOD

Have the link to the VOD?

Description

Time

  • Played on: Sept. 8, 2019, 4:03 p.m.
  • Length: 5:54
Show
View Real Time Build Order
Export as new Build Order

Serral Zerg - Winner!

Build Orders: Pool First 

Get SALT Encoding   

  12  0:16  Spawning Pool  
  11  0:22  Drone  
  11  0:26  Drone  
  13  0:30  Drone  
  14  0:42  Overlord  
  14  1:03  Zergling x4  
  16  1:05  Zergling x2  
  17  1:15  Zergling x2  
  18  1:19  Hatchery  
  17  1:26  Zergling x2  
  18  1:33  Queen  
  20  1:48  Overlord, Drone  
  21  2:00  Drone  
  22  2:09  Drone, Queen  
  22  2:14  Extractor  
  23  2:23  Drone  
  24  2:31  Drone x2  
  24  2:32  Queen  
  28  2:46  Drone x2  
  28  2:48  Drone x3  
  33  2:55  Drone  
  31  3:01  Drone  
  31  3:09  Drone  
  32  3:17  Hatchery  
  32  3:19  Drone  
  32  3:23  Drone  
  33  3:28  Metabolic Boost  
  33  3:33  Overlord  
  33  3:35  Drone  
  33  3:38  Drone x2  
  36  3:42  Spore Crawler  
  36  3:45  Drone  
  36  3:51  Overlord  
  36  3:56  Overlord  
  36  3:57  Drone x2  
  36  3:58  Drone  
  36  4:02  Zergling x4  
  41  4:07  Zergling x4  
  43  4:14  Zergling x2  
  44  4:20  Queen  
  44  4:21  Drone x2  
  44  4:22  Zergling x4  
  50  4:26  Overlord  
  50  4:31  Queen  
  52  4:33  Zergling x4  
  52  4:35  Overlord  
  54  4:43  Overlord  
  54  4:47  Zergling x8  
  54  4:49  Zergling x2  
  54  4:50  Zergling x2  
  54  4:52  Drone x2  
  62  4:55  Drone  
  62  4:58  Drone  
  64  5:02  Drone  
  64  5:04  Drone  
  64  5:06  Drone  
  67  5:07  Drone  
  67  5:12  Drone x3  
  70  5:19  Roach Warren  
  70  5:20  Drone x2  
  70  5:22  Extractor  
  70  5:23  Extractor  
  70  5:24  Drone x2  
  70  5:29  Overlord  
  70  5:30  Drone x2  
  72  5:37  Drone x4  
  72  5:38  Drone  
  72  5:40  Drone x3  
Show
View Real Time Build Order
Export as new Build Order

Neeb Protoss 

Build Orders: 1 Gate Expand 

Get SALT Encoding   

  12  0:00  Probe  
  13  0:12  Probe  
  14  0:17  Pylon  
  14  0:24  Probe  
  14  0:27  Assimilator  
  15  0:35  Probe  
  16  0:43  Probe  
  16  0:45  Gateway  
  17  0:51  Probe  
  18  1:03  Probe  
  19  1:15  Probe  
  20  1:22  Nexus  
  20  1:32  Cybernetics Core  
  20  1:34  Probe  
  21  1:41  Assimilator  
  21  1:47  Probe  
  22  1:49  Pylon  
  22  1:55  Probe  
  23  2:15  Pylon  
  25  2:19  Adept  
  23  2:33  Probe  
  23  2:36  Probe  
  25  2:47  Probe  
  25  2:48  Probe  
  22  2:59  Probe  
  22  3:00  Probe  
  24  3:08  Sentry  
  24  3:09  Probe  
  24  3:11  Probe  
  24  3:12  Warp Gate  
  28  3:17  Probe  
  28  3:23  Probe  
  28  3:26  Probe  
  30  3:34  Stalker  
  33  3:35  Probe  
  33  3:38  Probe  
  35  3:47  Probe  
  34  3:50  Probe  
  35  3:55  Probe  
  35  4:01  Nexus  
  36  4:03  Probe  
  36  4:06  Probe, Sentry  
  36  4:08  Pylon  
  39  4:13  Gateway  
  39  4:15  Probe  
  41  4:18  Probe  
  41  4:19  Assimilator  
  41  4:22  Assimilator  
  42  4:28  Probe  
  42  4:30  Probe  
  44  4:33  Pylon  
  44  4:38  Probe  
  44  4:40  Probe  
  44  4:41  Forge  
  44  4:43  Twilight Council  
  46  4:46  Probe  
  46  4:48  Probe  
  48  4:55  Probe  
  48  4:56  Probe  
  49  5:02  Stalker  
  49  5:04  Gateway  
  52  5:08  Probe  
  52  5:10  Pylon  
  52  5:11  Stalker  
  52  5:12  Probe  
  56  5:22  Pylon  
  56  5:29  Zealot  
  56  5:30  Nexus  
  56  5:35  Pylon  
  58  5:42  Zealot  
Tags
 
Add a new tag
Caveats
  • Supply blocks, unpowered buildings, or Contaminate may cause inaccurate times.
  • Supply counts are checked every 10 seconds.